Map: Ever Dream LE

Players

Vindicta

  • Race: Terran Terran
  • League: Grandmaster
  • Spawn Location: 7:00

Scarlett - Winner!

  • Race: Zerg Zerg
  • Spawn Location: 1:00

Event: DreamHack SC2 Masters 2020 Fall

VOD

Have the link to the VOD?

Description

Time

  • Played on: Sept. 6, 2020, 3:06 p.m.
  • Length: 9:37

All games in this series

Show
View Real Time Build Order
Export as new Build Order

Vindicta Terran 

Build Orders: Reaper Expand, Banshee Rush 

Get SALT Encoding   

  12  0:00  SCV  
  13  0:12  SCV  
  14  0:18  Supply Depot  
  14  0:24  SCV  
  15  0:39  SCV  
  15  0:41  Barracks  
  16  0:43  Refinery  
  16  0:51  SCV  
  17  1:04  SCV  
  18  1:16  SCV  
  19  1:28  Orbital Command, Reaper  
  20  1:40  Command Center  
  20  1:47  Supply Depot  
  20  1:54  SCV  
  21  2:00  Marine  
  22  2:06  SCV  
  23  2:11  Factory  
  23  2:18  SCV  
  23  2:19  Refinery  
  23  2:21  Barracks Reactor  
  24  2:30  SCV  
  25  2:42  SCV  
  26  2:53  Orbital Command  
  26  2:54  SCV  
  26  2:55  Starport  
  27  3:06  SCV  
  27  3:09  Hellion x2  
  27  3:11  Barracks Tech Lab  
  32  3:16  Supply Depot  
  32  3:18  SCV  
  33  3:24  SCV  
  34  3:30  Hellion, SCV  
  39  3:35  Barracks Tech Lab  
  39  3:39  Banshee  
  42  3:41  SCV  
  42  3:43  SCV, Cloaking Field  
  42  3:50  Bunker  
  42  3:58  Marine x2  
  42  4:02  Factory Tech Lab  
  44  4:06  Command Center  
  42  4:17  Marine  
  42  4:18  Marine  
  42  4:22  Banshee  
  39  4:31  SCV  
  39  4:32  Siege Tank  
  39  4:35  Orbital Command, Marine  
  40  4:43  SCV, Marine  
  33  4:55  SCV  
  33  4:57  Barracks  
  33  4:59  Barracks  
  34  5:01  SCV  
  35  5:07  SCV  
  37  5:14  Engineering Bay, Stimpack  
  37  5:15  Engineering Bay, Marine  
  37  5:16  SCV  
  37  5:18  Starport Reactor  
  38  5:23  Orbital Command  
  38  5:25  SCV  
  39  5:29  SCV  
  40  5:37  SCV  
  40  5:40  Refinery  
  40  5:41  SCV  
  45  5:49  SCV  
  46  5:50  SCV  
  46  5:53  SCV, Marine  
  49  6:00  Terran Infantry Armor Level 1, Terran Infantry Weapons Level 1, Marine x2  
  49  6:01  SCV  
  49  6:04  Marine x2  
  49  6:05  Starport Reactor  
  49  6:07  SCV  
  49  6:08  SCV  
  49  6:11  Marine  
  54  6:12  Refinery  
  54  6:13  SCV  
  54  6:18  Marine x2  
  55  6:19  SCV  
  55  6:22  Marine  
  55  6:25  SCV  
  60  6:27  SCV  
  60  6:30  Supply Depot  
  60  6:31  Siege Tank  
  65  6:33  Marine x2  
  69  6:40  Orbital Command, SCV  
  69  6:43  Medivac  
  69  6:52  Medivac, SCV x2, Marine  
  69  6:53  Supply Depot  
  74  6:56  Marine  
  74  6:57  Supply Depot  
  74  6:58  Combat Shield  
  75  7:04  SCV  
  75  7:05  SCV  
  75  7:07  Barracks  
  75  7:08  Barracks, SCV  
  74  7:15  Siege Tank  
  78  7:16  SCV  
  78  7:17  Supply Depot  
  78  7:18  Marine x2  
  78  7:19  SCV  
  82  7:24  SCV  
  82  7:28  SCV, Supply Depot  
  84  7:30  Marine  
  84  7:33  SCV  
  84  7:36  SCV  
  84  7:38  Missile Turret  
  84  7:39  Marine  
  84  7:40  SCV  
  88  7:45  SCV  
  88  7:46  Medivac, Supply Depot  
  88  7:47  Medivac  
  88  7:48  SCV  
  92  7:52  SCV  
  92  7:55  Barracks Reactor  
  92  7:56  Barracks Tech Lab  
  92  7:58  SCV  
  94  8:01  Siege Tank  
  94  8:03  SCV  
  98  8:05  Marine  
  98  8:06  Marauder  
  98  8:07  SCV  
  98  8:10  SCV, Marine  
  98  8:11  Orbital Command, Refinery  
  98  8:12  Armory  
  104  8:14  Supply Depot  
  104  8:16  Marauder, Marine  
  107  8:22  Supply Depot  
  107  8:26  Supply Depot  
  105  8:34  Orbital Command  
  105  8:38  Siege Tank, Marine x3  
  101  8:43  Marine  
  101  8:44  Marauder x2  
  105  8:54  Orbital Command  
  105  8:56  Marine x5  
  105  9:00  Marine  
  103  9:03  Orbital Command  
  103  9:06  Marauder x2  
  103  9:13  Marine  
  103  9:14  Marine x3  
Show
View Real Time Build Order
Export as new Build Order

Scarlett Zerg - Winner!

Build Orders: Hatch First 

Get SALT Encoding   

  12  0:00  Drone  
  13  0:12  Overlord  
  13  0:17  Drone  
  14  0:30  Drone x2  
  16  0:47  Hatchery  
  15  0:51  Drone  
  15  0:54  Drone  
  17  0:57  Drone  
  18  1:08  Extractor  
  17  1:12  Spawning Pool  
  17  1:15  Drone  
  17  1:19  Drone  
  18  1:28  Drone  
  19  1:38  Drone  
  20  1:49  Overlord  
  20  1:59  Queen x2  
  20  2:00  Zergling x2  
  20  2:01  Zergling x2  
  26  2:12  Drone x2  
  28  2:21  Drone  
  29  2:24  Extractor  
  29  2:27  Drone, Roach Warren  
  29  2:42  Drone x2  
  31  2:45  Hatchery  
  31  2:49  Overlord  
  29  3:08  Roach x4  
  29  3:09  Roach  
  41  3:12  Roach  
  41  3:15  Roach  
  42  3:21  Overlord  
  42  3:25  Roach  
  44  3:40  Drone x3  
  44  3:41  Drone x2  
  49  3:42  Drone x2  
  49  3:45  Ravager  
  49  3:48  Overlord  
  52  4:01  Drone x4  
  56  4:05  Overlord  
  56  4:08  Queen  
  58  4:17  Ravager  
  60  4:24  Drone x5, Ravager  
  60  4:29  Drone x4  
  60  4:30  Queen  
  65  4:36  Lair  
  65  4:39  Drone x3  
  65  4:43  Drone  
  62  4:46  Drone  
  62  4:47  Queen  
  63  4:54  Drone  
  63  4:55  Drone  
  61  5:00  Drone x2  
  61  5:01  Drone x3  
  61  5:04  Extractor, Roach  
  61  5:05  Roach, Extractor  
  61  5:06  Queen  
  70  5:10  Spore Crawler x2  
  70  5:12  Drone, Spore Crawler  
  70  5:13  Drone  
  69  5:17  Roach  
  69  5:18  Roach  
  73  5:21  Overlord  
  73  5:22  Drone  
  73  5:28  Overlord  
  74  5:33  Evolution Chamber  
  74  5:34  Evolution Chamber  
  72  5:41  Drone x10  
  82  5:43  Overseer  
  82  5:47  Roach  
  82  5:53  Drone x4  
  83  5:58  Extractor  
  83  5:59  Drone x3  
  83  6:00  Drone x2  
  87  6:04  Zerg Ground Armor Level 1  
  87  6:05  Overlord  
  87  6:06  Drone x3  
  87  6:07  Extractor, Overlord  
  87  6:09  Zerg Missile Weapons Level 1  
  87  6:10  Extractor  
  88  6:16  Overlord  
  88  6:17  Overlord  
  85  6:25  Drone  
  85  6:26  Drone x3  
  88  6:35  Queen, Overlord  
  88  6:36  Queen x2  
  94  6:41  Roach x6  
  106  6:48  Roach x4  
  106  6:51  Glial Reconstitution  
  114  6:56  Overlord  
  114  7:01  Overseer  
  114  7:03  Roach x6  
  126  7:17  Overlord x2  
  126  7:18  Roach x6  
  138  7:25  Overlord x2  
  138  7:38  Roach  
  138  7:39  Roach x6  
  152  7:44  Hatchery  
  152  7:45  Roach x3  
  160  7:51  Ravager x6  
  160  7:58  Overlord x2  
  163  8:01  Overlord x2  
  161  8:13  Overlord x2  
  161  8:17  Overseer  
  159  8:21  Ravager  
  159  8:22  Drone x7  
  159  8:23  Drone x2  
  159  8:25  Ravager  
  170  8:31  Spine Crawler  
  158  8:45  Unknown  
  158  8:46  Ravager x4  
  160  8:48  Ravager  
  160  9:01  Roach x9  
  150  9:13  Roach x8  
  151  9:20  Drone  
  151  9:21  Drone x2  

Tags
 
Add a new tag
Caveats
  • Supply blocks, unpowered buildings, or Contaminate may cause inaccurate times.
  • Supply counts are checked every 10 seconds.